 Dungeon Crawl Stone Soup version 0.30-a0-172-gc5509c9e31 (webtiles) character file.

Game seed: 9376641852928810180

23578 ytrimaz the Martial Artist (level 13, -25/138 HPs)
             Began as an Octopode Transmuter on Oct 1, 2022.
             Was an Initiate of Gozag.
             Annihilated by a minotaur
             ... wielding a +2 mace of holy wrath
              (32 damage)
             ... in a Gauntlet.
             The game lasted 00:29:10 (13968 turns).

ytrimaz the Martial Artist (Octopode Transmuter)   Turns: 13968, Time: 00:29:11

Health: -25/138    AC: 26    Str: 16    XL:     13   Next: 7%
Magic:  42/45      EV:  2    Int: 26    God:    Gozag
Gold:   800        SH:  0    Dex: 12    Spells: 23/32 levels left

rFire   + . .      SeeInvis +      - Unarmed
rCold   + . .      Faith    .    (no shield)
rNeg    + . .      Spirit   .    (helmet currently unavailable)
rPois   +          Reflect  .    a - amulet of regeneration
rElec   +          Harm     .    g - +6 ring of intelligence
rCorr   +          Rampage  .    b - ring of poison resistance
Will    .....      NoTele   +    p - +6 ring of strength
Stlth   +.........               w - ring "Cos Uxi" {rPois rN+ SInv}
HPRegen 1.23/turn                l - ring of magical power
MPRegen 0.29/turn                K - ring of magical power
                                 (no ring)
                                 (no ring)

@: mighty, tree-form, resistant
A: stationary, stasis, torment immunity, boosted hp, almost no armour,
(amphibious), 8 rings, (camouflage 1), (gelatinous body 1), (nimble swimmer 1),
(tentacles)
a: End Transformation, Renounce Religion, Potion Petition, Call Merchant, Bribe
Branch


You were in a Gauntlet.
You worshipped Gozag.
Gozag was pleased with you.
You were a tree.
You visited 3 branches of the dungeon, and saw 14 of its levels.
You also visited: Sewer, Ossuary and Gauntlet.

You collected 4218 gold pieces.
You spent 495 gold pieces at shops.
You paid 2923 gold pieces to Gozag.


Innate Abilities, Weirdness & Mutations

You are a tree.
Your roots penetrate the ground, keeping you stationary.
You cannot be teleported.
You are immune to unholy pain and torment.
Your maximum health is greatly increased.
You cannot wear most types of armour.
((You are amphibious.))
You can wear up to eight rings at the same time.
((Your skin changes colour to match your surroundings (Stealth+).))
((Your rubbery body absorbs attacks. (AC +1, EV +1)))
((You are camouflaged when in or above water. (Stealth+)))
((You have tentacles for arms and can constrict up to eight enemies at once.))


   Skills:
 + Level 10.1 Fighting
 + Level 4.1 Dodging
 + Level 11.7 Unarmed Combat
 - Level 10.0 Spellcasting
 - Level 10.0 Transmutations
 - Level 4.0 Ice Magic
 - Level 4.0 Poison Magic


You had 23 spell levels left.
You knew the following spells:

 Your Spells              Type           Power      Damage    Failure   Level
a - Ice Form              Ice/Tmut       49%        N/A       2%          4
b - Wereblood             Tmut           60%        N/A       1%          2
c - Spider Form           Tmut/Pois      49%        N/A       1%          3

Your spell library contained the following spells:

 Spells                   Type           Power      Damage    Failure   Level
 Beastly Appendage        Tmut           100%       N/A       1%          1
 Passwall                 Tmut/Erth      32%        N/A       1%          2
 Ensorcelled Hibernation  Hex/Ice        46%        N/A       3%          2
 Slow                     Hex            52%        N/A       4%          1
 Confusing Touch          Hex            13%        N/A       14%         3
 Gell's Gravitas          Tloc           13%        N/A       14%         3
 Lesser Beckoning         Tloc           13%        N/A       14%         3
 Swiftness                Air            13%        N/A       14%         3
 Teleport Other           Tloc           13%        N/A       14%         3
 Vampiric Draining        Necr           13%        2d6       14%         3

Inventory:

Missiles
 A - 3 throwing nets
Jewellery
 a - an amulet of regeneration (around neck)
   (You took it off an orc on level 8 of the Dungeon)
 b - a ring of poison resistance (right branch)
   (You found it on level 2 of the Dungeon)
 g - a +6 ring of intelligence (left branch)
   (You found it on level 1 of the Dungeon)
 l - a ring of magical power (on tentacle)
   (You found it on level 11 of the Dungeon)
 p - a +6 ring of strength (on tentacle)
   (You found it on level 3 of the Dungeon)
 w - the ring "Cos Uxi" (on tentacle) {rPois rN+ SInv}
   (You bought it in a shop on level 5 of the Dungeon)

   [ring of positive energy]

   rPois:     It protects you from poison.
   rN:        It protects you from negative energy.
   SInv:      It lets you see invisible.
 C - an amulet of reflection
   (You found it on level 6 of the Dungeon)
 D - the ring of Qoyro {Int+4 SInv}
   (You found it in a Gauntlet)

   [ring of see invisible]

   Int:       It affects your intelligence (+4).
   SInv:      It lets you see invisible.
 K - a ring of magical power (on tentacle)
   (You found it on level 1 of the Lair of Beasts)
 L - a ring of flight
   (You found it in a Gauntlet)
Wands
 c - a wand of mindburst (14) (quivered)
   (You found it on level 5 of the Dungeon)
 m - a wand of flame (10)
   (You took it off Ijyb on level 3 of the Dungeon)
 r - a wand of digging (2)
   (You found it on level 4 of the Dungeon)
 B - a wand of paralysis (10)
   (You found it on level 5 of the Dungeon)
 G - a wand of quicksilver (3)
   (You found it on level 11 of the Dungeon)
 H - a wand of polymorph (7)
   (You found it on level 10 of the Dungeon)
 J - a wand of iceblast (11)
   (You found it on level 11 of the Dungeon)
Scrolls
 d - 2 scrolls of enchant weapon
 e - 6 scrolls of teleportation
 h - 2 scrolls of noise
 j - a scroll of silence
 n - a scroll of brand weapon
 o - 3 scrolls of identify
 u - 3 scrolls of magic mapping
 x - a scroll of poison
 y - 3 scrolls of fog
 E - 3 scrolls of amnesia
 I - 3 scrolls of enchant armour {unknown}
Potions
 f - 5 potions of attraction
 i - 2 potions of curing
 k - 5 potions of ambrosia
 q - a potion of brilliance {unknown}
 s - 6 potions of flight
 t - 2 potions of cancellation {unknown}
 v - 4 potions of mutation
 z - a potion of magic
 F - a potion of heal wounds

Dungeon Overview and Level Annotations

Branches:
Dungeon (11/15) Zot: 25864  Temple (1/1) D:5 Zot: 5965    Lair (2/5) D:11 Zot: 10860
 Shoals (0/4) Lair:2          Orc (0/2) D:11          Sewer (visited)
Ossuary (visited)         Gauntlet (1/1) Zot: 5334
  Snake: Lair:2-3    Spider: Lair:2-3

Altars:
Ashenzari
Cheibriados
Dithmenos
Elyvilon
Fedhas
Gozag
Hepliaklqana
Kikubaaqudgha
Makhleb
Nemelex Xobeh
Qazlal
Ru
Sif Muna
Trog
Uskayaw
Vehumet
Wu Jian
Yredelemnul
Zin
The Shining One

Shops:
D:5 =   D:10 =

Annotations:
D:10 4 runed translucent doors, sirJeffrey23's ghost, journeyman HOFi
D:11 2 transporters, LnG's ghost, journeyman KoSu Gauntlet 12 transporters, exclusion: orange crystal statue

#8#
#8##≈...............≈##8#
#8 ###
####8..©.©.©.©.©.©..8####
## #§...............≈#
#####.###.###.#####
###.###.###.###
#.............#
#.###.###.###.#
#.###.###.###.
#.....♣.......
#######H###### ... .###
.. ∩≈ ≈≈≈ ###


You could see a minotaur (strong).


Message History

You start resting.
Your extra speed is starting to run out. 😮 HP[+1]
There is a transporter landing site here. 😮 HP[+1] 😮 HP[+1] 😮 HP[+2]
You regained 2 hp, and now have 60/110 hp.
You start resting.
You feel yourself slow down.
Your primal bloodlust has ended. 😮 HP[+2]
You regained 2 hp, and now have 62/110 hp. 😮 HP[+2]
You regained 2 hp, and now have 64/110 hp. 😮 HP[+1]
D - the ring of Qoyro {Int+4 SInv} 😮 HP[+4]
You regained 4 hp, and now have 69/110 hp. 😮 HP[+2]
You regained 2 hp, and now have 71/110 hp.
There is a transporter here. 😮 HP[+2]
You regained 2 hp, and now have 73/110 hp.
y - 3 scrolls of fog (gained 1) 😮 HP[+3]
You regained 3 hp, and now have 76/110 hp.
You feel yourself speed up.
You see here a phial of floods. 😮 HP[+2]
You regained 2 hp, and now have 78/110 hp. 😮 HP[+1]
There is a transporter here. 😮 HP[+1]
You start resting.
You recover from your berserk rage. 😕 HP[+6]
You regained 6 hp, and now have 86/110 hp.
Unknown command.
You start resting.
Your transformation is almost over.
You warm up again. 😎 HP[+6]
You now have 92 max hp (-18).
Your hp is fully restored (92).
Unknown command.
You enter the transporter and appear at another place.
Casting: Wereblood (safe; 1% risk of failure)
Confirm with . or Enter, or press ? or * to list all spells.
You turn into a creature of crystalline ice. 😎 HP[+18] MP[-4]
You now have 110 max hp (+18).
Your hp is fully restored (110).
You lost 4 mp, and now have 41/45 mp.
A minotaur comes into view.
It is wielding a +2 mace of holy wrath and quivering silver javelins.
Found a wand of quicksilver (3).
Found a gate leading back out of this place.
The minotaur bellows! 😎 MP[+4]
Your mp is fully restored (45).
A minotaur is nearby!
Casting: Ice Form (mildly dangerous; 2% risk of failure)
Confirm with . or Enter, or press ? or * to list all spells.
You don't know that spell.
Press: ? - help, v - describe, . - travel
Here: a minotaur, wielding a +2 mace of holy wrath, wearing a +0 plate armour and quivering silver javelins The floor.
Unknown command.
Casting: Ice Form (mildly dangerous; 2% risk of failure)
Confirm with . or Enter, or press ? or * to list all spells.
You extend your transformation's duration. 😎 MP[-4]
You lost 4 mp, and now have 41/45 mp.
The minotaur drinks a potion.
The minotaur seems to grow stronger.
You pummel the minotaur!! You freeze the minotaur! 😎 MP[+1]
You punch the minotaur! You freeze the minotaur.
The minotaur hits you with a +2 mace of holy wrath!!!
The minotaur barely misses you. 😮 HP[-44]
You take 44 damage, and now have 66/110 hp.
MASSIVE DAMAGE!! (PAUSE)
You punch the minotaur! You freeze the minotaur.
The minotaur hits you with a +2 mace of holy wrath!!!
* * * LOW HITPOINT WARNING * * *
The minotaur gores you!
* * * LOW HITPOINT WARNING * * *
😱 HP[-61]
You take 61 damage, and now have 5/110 hp.
MASSIVE DAMAGE!! (PAUSE) [a] - 812 gold - resistance, might, haste and brilliance [b] - 176 gold - might and brilliance [c] - 442 gold - lignification, might and resistance Purchase which effect?
You no longer have enough gold to fund merchants seeking to open stores in the dungeon.
You warm up again.
You turn into a tree.
Your roots penetrate the ground.
You feel very mighty all of a sudden.
You feel protected.
The minotaur hits you with a +2 mace of holy wrath!!
You die...
Your body crumbles into a pile of gold.

Skill      XL: |  1  2  3  4  5  6  7  8  9 10 11 12 13 |
---------------+----------------------------------------+-----
Poison Magic   | 1 2 4 |  4.0
Ice Magic      | 1 2 4 |  4.0
Transmutations | 3 5 7 9 10 | 10.0
Spellcasting   | 3 4 6 8 10 | 10.0
Unarmed Combat | 6 9 11 | 11.7
Fighting       | 7 9 10 | 10.1
Dodging        | 3 4 |  4.1

Action                   |  1- 3 |  4- 6 |  7- 9 | 10-12 | 13-15 || total
-------------------------+-------+-------+-------+-------+-------++-------
Melee: Unarmed           |    84 |   131 |   323 |   512 |    17 ||  1067
       Constrict         |    21 |     6 |     3 |     1 |       ||    31
       Tentacles         |    15 |     8 |     2 |     2 |       ||    27
       Kick              |     2 |     3 |       |       |       ||     5
       Punch             |       |     2 |     1 |       |       ||     3
 Cast: Beastly Appendage |     4 |     2 |       |       |       ||     6
       Spider Form       |     1 |     4 |     1 |       |       ||     6
       Wereblood         |       |     4 |     9 |    17 |       ||    30
       Ice Form          |       |     5 |    37 |    41 |     2 ||    85
Invok: Call Merchant     |       |       |     1 |     1 |       ||     2
       Potion Petition   |       |       |       |     2 |     2 ||     4
Evoke: Wand              |       |       |       |     3 |       ||     3
  Use: Scroll            |     6 |     4 |    11 |     6 |       ||    27
       Potion            |     1 |     1 |     6 |    15 |     1 ||    24
 Stab: Sleeping          |     7 |     2 |     3 |       |       ||    12
       Invisible         |       |       |     3 |     2 |       ||     5
       Distracted        |       |       |       |     4 |       ||     4
Armor: Skin              |    20 |    39 |   128 |   235 |    26 ||   448
Dodge: Dodged            |    56 |    54 |   166 |   318 |    21 ||   615
Block: Other             |       |       |    16 |     3 |       ||    19

Levels and vault maps discovered:
D:1:      eino_arrival_water_cross, layout_basic,
          hellmonk_ecumenical_altar_run_dry, dk_noncrumbling_4,
          corexii_item_surrounded_by_moat
D:2:      layout_loops_cross, basic_altar
D:3:      layout_basic, uniq_ijyb
D:4:      kennysheep_big_flooded_room, layout_basic, kennysheep_vampire_church,
          gup_ossuary_entry_pyramid, eino_tiny_chamber,
          chequers_serial_rivers_marsh, minmay_goblin_outpost, uniq_duvessa
D:5:      layout_rooms, nicolae_wu_jian_wuxing_cycle, zin_treasury,
          minmay_temple_entry_wispy, gup_sewer_entry_glass, uniq_blork_the_orc
D:6:      layout_rooms, kennysheep_little_box, fedhas_altar_3,
          lightli_church_of_beogh
D:7:      layout_loops_ring, lemuel_crystal_altar
D:8:      layout_rooms, nrook_pool_corridor, uniq_erica, uniq_psyche
D:9:      layout_stronghold, mainiacjoe_overflow_alcove_2,
          mainiacjoe_overflow_boulevard, makhleb_altar_promises_db,
          kennysheep_small_circle, uniq_prince_ribbit1
D:10:     layout_irregular_city, jmf_multi_god_temple2,
          muffindrake_ghost_dual_entry, hangedman_decor_points,
          nzn_life_drinkers
D:11:     layout_loops_cross, dpeg_lair_monsters, orc_0_dummy,
          gammafunk_ghost_smash, minmay_checkerbox
Temple:   minmay_freezing_vapour_temple
Lair:1:   layout_small_grid, nzn_sisyphean_effort, grunt_megastairs_4,
          serial_bayou_shore_b
Lair:2:   layout_cave_pods, elwin_shoals_entry_rooms, gauntlet_entry_generic,
          st_stairs_13, uniq_amaemon, uniq_urug, uniq_nergalle
Gauntlet: gammafunk_gauntlet_one_two_three [gammafunk_gauntlet_arena_split_x,
          gammafunk_gauntlet_arena_split_diamond,
          nicolae_gauntlet_arena_grate_2, nicolae_gauntlet_swirl,
          gammafunk_gauntlet_arena_crates, gammafunk_gauntlet_arena_mazey,
          gammafunk_gauntlet_arena_teeth, gammafunk_gauntlet_arena_arrow_garden,
          gammafunk_gauntlet_arena_hedges, gauntlet_exit_watery]

Notes
Turn   | Place    | Note
-------+----------+-------------------------------------------
     0 | D:1      | ytrimaz the Octopode Transmuter began the quest for the
                  | Orb.
     0 | D:1      | Reached XP level 1. HP: 13/13 MP: 3/3
     0 | D:1      | magus.rc [v1.9.6]
    27 | D:1      | Found a faded altar of an unknown god.
    82 | D:1      | HP: 3/13 [constriction (1)]
    83 | D:1      | Reached skill level 1 in Poison Magic
   268 | D:1      | Reached skill level 1 in Ice Magic
   268 | D:1      | Reached XP level 2. HP: 6/18 MP: 5/5
   438 | D:1      | You pick up a book of Burglary and begin reading...
   438 | D:1      | You add the spells Passwall, Ensorcelled Hibernation and
                  | Swiftness to your library.
   514 | D:1      | Reached skill level 2 in Poison Magic
   727 | D:1      | You fall into a shaft and drop 1 floor!
  1193 | D:2      | Learned a level 2 spell: Wereblood
  1408 | D:2      | Reached XP level 3. HP: 23/23 MP: 6/6
  1412 | D:2      | Learned a level 3 spell: Spider Form
  1447 | D:2      | Reached skill level 3 in Poison Magic
  1607 | D:2      | Found an ornate altar of the Wu Jian Council.
  1990 | D:3      | Noticed Ijyb
  2002 | D:3      | HP: 8/34 [Ijyb/puff of flame (4)]
  2006 | D:3      | Killed Ijyb
  2007 | D:3      | Reached skill level 4 in Poison Magic
  2007 | D:3      | Reached XP level 4. HP: 8/28 MP: 4/7
  2460 | D:4      | Reached skill level 2 in Ice Magic
  2534 | D:4      | Reached XP level 5. HP: 28/33 MP: 0/8
  2605 | D:4      | Reached skill level 3 in Ice Magic
  2705 | D:4      | Reached skill level 4 in Ice Magic
  2796 | D:4      | You pick up a book of Debilitation and begin reading...
  2796 | D:4      | You add the spells Slow, Vampiric Draining and Confusing
                  | Touch to your library.
  2857 | D:4      | Found a sand-covered staircase.
  2869 | D:4      | Reached XP level 6. HP: 30/38 MP: 5/9
  2872 | Ossuary  | Entered an ossuary
  2995 | Ossuary  | Learned a level 4 spell: Ice Form
  3051 | Ossuary  | Reached skill level 3 in Transmutations
  3349 | D:4      | Reached skill level 3 in Spellcasting
  3566 | D:4      | Reached XP level 7. HP: 28/43 MP: 2/12
  3691 | D:4      | Noticed Duvessa
  3703 | D:4      | Noticed Dowan
  3707 | D:4      | HP: 10/51 [Duvessa/+0 short sword (9)]
  3715 | D:4      | Killed Duvessa
  3716 | D:4      | Reached skill level 4 in Transmutations
  3718 | D:4      | HP: 12/51 [Dowan/+1 dagger of freezing (3)]
  3719 | D:4      | Killed Dowan
  3723 | D:4      | Reached skill level 4 in Spellcasting
  3823 | D:4      | Found an ancient bone altar of Kikubaaqudgha.
  3965 | D:4      | Identified a scroll of acquirement
  3977 | D:5      | Entered Level 5 of the Dungeon
  4027 | D:5      | Found a glowing drain.
  4048 | D:5      | Reached skill level 5 in Transmutations
  4074 | Sewer    | Entered a sewer
  4223 | Sewer    | Reached XP level 8. HP: 48/48 MP: 8/15
  4743 | D:5      | Found an ornate altar of the Wu Jian Council.
  4761 | D:5      | Reached skill level 5 in Spellcasting
  4833 | D:5      | Found a staircase to the Ecumenical Temple.
  4860 | Temple   | Entered the Ecumenical Temple
  4889 | Temple   | Became a worshipper of Gozag Ym Sagoz the Greedy
  4899 | D:5      | Noticed Blork the orc
  4905 | D:5      | Killed Blork the orc
  4906 | D:5      | Reached skill level 6 in Transmutations
  4906 | D:5      | HP: 13/57 [water moccasin (7)]
  5128 | D:5      | Found a glowing silver altar of Zin.
  5162 | D:5      | Acquired 1170 gold pieces
  5168 | D:5      | Bought the ring "Cos Uxi" {rPois rN+ SInv} for 495 gold
                  | pieces
  5536 | D:6      | Reached skill level 6 in Spellcasting
  5662 | D:6      | Found a sacrificial altar of Ru.
  5672 | D:6      | Reached skill level 7 in Transmutations
  5672 | D:6      | Reached XP level 9. HP: 53/53 MP: 14/18
  5705 | D:6      | Found a blossoming altar of Fedhas.
  5990 | D:6      | Found a runed translucent door.
  6108 | D:6      | HP: 15/61 [orc warrior/+0 hand axe (13)]
  6112 | D:6      | Reached skill level 7 in Spellcasting
  6315 | D:7      | Found a hide-covered altar of Uskayaw.
  6437 | D:7      | Reached skill level 8 in Transmutations
  6839 | D:7      | You pick up a book of Displacement and begin reading...
  6839 | D:7      | You add the spells Lesser Beckoning, Gell's Gravitas and
                  | Teleport Other to your library.
  7080 | D:8      | Noticed Psyche
  7103 | D:7      | Killed Psyche
  7232 | D:7      | Reached skill level 8 in Spellcasting
  7686 | D:8      | Reached skill level 9 in Transmutations
  7746 | D:8      | Noticed Erica
  7778 | D:8      | Killed Erica
  7779 | D:8      | Reached XP level 10. HP: 37/58 MP: 22/22
  8204 | D:8      | Reached skill level 9 in Spellcasting
  8583 | D:9      | Found a burning altar of Makhleb.
  8601 | D:9      | Reached skill level 10 in Transmutations
  8622 | D:9      | Noticed a balrug
  8895 | D:9      | HP: 12/69 [something (13)]
  8982 | D:9      | Reached skill level 10 in Spellcasting
  9000 | D:9      | Reached skill level 4 in Unarmed Combat
  9138 | D:9      | Noticed Prince Ribbit
  9172 | D:9      | HP: 7/69 [Prince Ribbit (15)]
  9184 | D:9      | Killed Prince Ribbit
  9185 | D:9      | Reached skill level 5 in Unarmed Combat
  9478 | D:9      | Found a snail-covered altar of Cheibriados.
  9501 | D:9      | Identified the +0 pair of boots of a bailey {Rampage
                  | Stlth+}
  9595 | D:9      | HP: 3/69 [acid dragon/splash of acid (26)]
  9597 | D:10     | Entered Level 10 of the Dungeon
  9735 | D:9      | Reached skill level 6 in Unarmed Combat
  9962 | D:9      | Found a radiant altar of Vehumet.
 10222 | D:10     | Reached XP level 11. HP: 50/63 MP: 20/25
 10324 | D:10     | Reached skill level 2 in Fighting
 10395 | D:10     | Found a large runed translucent door.
 10396 | D:10     | Found a large runed translucent door.
 10664 | D:10     | Noticed sirJeffrey23's ghost (journeyman HOFi)
 10664 | D:10     | Noticed a lich
 10664 | D:10     | Noticed a wizard
 10664 | D:10     | Noticed a fire giant
 10665 | D:10     | Noticed a yaktaur captain
 10824 | D:10     | Reached skill level 3 in Fighting
 10894 | D:10     | Found a runed translucent door.
 10900 | D:10     | Noticed a necromancer
 10906 | D:10     | Found a runed translucent door.
 10968 | D:11     | Found a transporter.
 10969 | D:11     | Noticed a two-headed ogre
 10991 | D:11     | Noticed a cyclops
 11006 | D:11     | Killed a cyclops
 11007 | D:11     | Reached skill level 7 in Unarmed Combat
 11009 | D:11     | Noticed LnG's ghost (journeyman KoSu)
 11011 | D:11     | Identified the +7 dire flail of Sephux {vorpal, rC+ Str+9
                  | Dex-3}
 11011 | D:11     | Noticed a two-headed ogre
 11013 | D:11     | Noticed a two-headed ogre
 11057 | D:11     | Noticed a boulder beetle
 11068 | D:11     | HP: 8/81 [boulder beetle (16)]
 11077 | D:11     | HP: 18/81 [boulder beetle (19)]
 11079 | D:11     | HP: 8/81 [boulder beetle (20)]
 11246 | D:11     | Killed a boulder beetle
 11247 | D:11     | Reached skill level 4 in Fighting
 11249 | D:11     | Found a transporter.
 11504 | D:11     | Noticed a manticore
 11515 | D:11     | Killed a manticore
 11668 | D:11     | Found a staircase to the Orcish Mines.
 11679 | D:11     | Reached skill level 8 in Unarmed Combat
 11717 | D:11     | Reached skill level 5 in Fighting
 11784 | D:11     | Noticed a death yak
 11784 | D:11     | Noticed a death yak
 11797 | D:11     | Killed a death yak
 11805 | D:11     | Killed a death yak
 11810 | D:11     | Noticed a death yak
 11811 | D:11     | Found a staircase to the Lair.
 11823 | D:11     | Killed a death yak
 11824 | D:11     | Reached skill level 6 in Fighting
 11836 | D:11     | Reached skill level 9 in Unarmed Combat
 11892 | D:11     | Noticed a cyclops
 11923 | D:11     | Killed a cyclops
 11924 | D:11     | Reached skill level 7 in Fighting
 11924 | D:11     | Reached XP level 12. HP: 58/81 MP: 26/26
 12119 | Lair:1   | Entered Level 1 of the Lair of Beasts
 12120 | Lair:1   | Noticed a boulder beetle
 12136 | Lair:1   | Killed a boulder beetle
 12174 | Lair:1   | Identified the +5 morningstar "Zueciska" {flame, rElec rN+}
 12265 | Lair:1   | Reached skill level 10 in Unarmed Combat
 12390 | Lair:1   | Reached skill level 8 in Fighting
 12390 | Lair:1   | HP: 20/98 [cane toad (18)]
 12408 | Lair:1   | HP: 18/100 [yak (13)]
 12443 | Lair:1   | Reached skill level 9 in Fighting
 12454 | Lair:1   | Reached skill level 11 in Unarmed Combat
 12818 | Lair:1   | Identified the +7 quarterstaff "Mopim" {drain, rElec rPois
                  | Int-5 Stlth+}
 13207 | Lair:2   | Noticed Amaemon
 13233 | Lair:2   | Killed Amaemon
 13285 | Lair:2   | Found a gate leading to a gauntlet.
 13295 | Gauntlet | Entered a Gauntlet
 13295 | Gauntlet | Found a transporter.
 13305 | Gauntlet | Found a transporter.
 13314 | Gauntlet | Found a transporter.
 13329 | Gauntlet | Found a transporter.
 13333 | Gauntlet | Noticed a death scarab
 13335 | Gauntlet | Found a transporter.
 13352 | Gauntlet | Found a transporter.
 13369 | Gauntlet | Found a transporter.
 13369 | Gauntlet | Noticed a death scarab
 13381 | Gauntlet | Found a transporter.
 13386 | Gauntlet | Found a transporter.
 13405 | Gauntlet | Found a transporter.
 13410 | Gauntlet | Found a transporter.
 13414 | Gauntlet | Found a transporter.
 13431 | Gauntlet | Noticed a great orb of eyes
 13433 | Gauntlet | Found a transporter.
 13442 | Gauntlet | Found a transporter.
 13444 | Gauntlet | Found a transporter.
 13461 | Gauntlet | Found a transporter.
 13466 | Gauntlet | Found a transporter.
 13509 | Gauntlet | Found a transporter.
 13638 | Gauntlet | Reached skill level 3 in Dodging
 13871 | Gauntlet | Reached XP level 13. HP: 64/92 MP: 27/27
 13879 | Gauntlet | Reached skill level 10 in Fighting
 13884 | Gauntlet | Reached skill level 4 in Dodging
 13905 | Gauntlet | Identified the ring of Qoyro {Int+4 SInv}
 13961 | Gauntlet | Noticed a minotaur
 13967 | Gauntlet | HP: 13/110 [minotaur/+2 mace of holy wrath (54)]
 13967 | Gauntlet | HP: 5/110 [minotaur/+2 mace of holy wrath (8)]
 13968 | Gauntlet | Annihilated by a minotaur

Vanquished Creatures
  Erica (D:8)
  2 boulder beetles
  3 death yaks (D:11)
  Amaemon (Lair:2)
  A death drake (Gauntlet)
  A manticore (D:11)
  2 cyclopes (D:11)
  3 spectral centaurs (Gauntlet)
  An eye of devastation (Gauntlet)
  A centaur zombie (Gauntlet)
  An orange demon (Lair:2)
  A cane toad (Lair:1)
  A gargoyle (D:11)
  A rime drake (Lair:1)
  Psyche (D:7)
  4 komodo dragons (Lair:1)
  An unseen horror (D:11)
  A troll (D:11)
  A hornet (D:10)
  Prince Ribbit (D:9)
  3 wraiths
  40 yaks
  3 wyverns
  2 vampires
  A golden eye (Gauntlet)
  2 fire bats (Gauntlet)
  3 steam dragons
  Duvessa (D:4)
  5 water moccasins
  3 orc warriors
  4 ice beasts
  10 wolves
  An ogre (D:5)
  2 centaurs
  A kobold brigand (D:10)
  Blork the orc (D:5)
  8 bullfrogs
  2 necrophages
  3 scorpions
  A gnoll sergeant (D:9)
  5 wights
  Dowan (D:4)
  8 killer bees
  3 vampire bats (D:4)
  5 howler monkeys
  An electric eel (D:8)
  2 jellies
  2 gnoll boudas
  3 hounds
  3 orc priests
  Ijyb (D:3)
  2 iguanas
  A merfolk siren (Sewer)
  6 orc wizards
  A merfolk avatar (Sewer)
  9 mummies
  18 gnolls
  7 adders
  A shadow imp (D:5)
  A white imp (D:5)
  2 ufetubi (D:5)
  A dart slug (D:4)
  51 orcs
  2 bat skeletons (D:4)
  4 bat zombies (D:4)
  2 endoplasms
  10 giant cockroaches
  11 goblins
  12 hobgoblins
  13 kobolds
  5 quokkas
  11 ball pythons
  4 bats
  5 frilled lizards
  2 gnoll zombies (Ossuary)
  4 hobgoblin zombies (Ossuary)
  2 kobold zombies (Ossuary)
  17 rats
363 creatures vanquished.

Vanquished Creatures (others)
  A basilisk (D:11)
  An orc (D:7)
  14 demonic plants (Gauntlet)
  2 plants (Lair:1)
  26 withered plants (Gauntlet)
44 creatures vanquished.

Grand Total: 407 creatures vanquished

Table legend:
 A = Non-vault XP
 B = Vault XP
 C = Vault XP percentage of total XP
 D = Non-vault monster count
 E = Vault monster count
 F = Vault count percentage of total count
                 A         B        C        D         E       F
            +---------+---------+-------+---------+---------+-------
      Total |   18519 |   15165 |  45.0 |     228 |     135 |  37.2
            +---------+---------+-------+---------+---------+-------
        D:1 |      29 |       0 |   0.0 |      19 |       0 |   0.0
        D:2 |      23 |       0 |   0.0 |       8 |       0 |   0.0
        D:3 |      22 |      38 |  63.3 |       7 |       1 |  12.5
        D:4 |     334 |     438 |  56.7 |      32 |      24 |  42.9
        D:5 |     675 |     114 |  14.4 |      11 |       5 |  31.2
        D:6 |     659 |     475 |  41.9 |      14 |      25 |  64.1
        D:7 |     555 |     365 |  39.7 |      14 |       1 |   6.7
        D:8 |     955 |     847 |  47.0 |      15 |       1 |   6.2
        D:9 |    2955 |     371 |  11.2 |      34 |       3 |   8.1
       D:10 |    1118 |     201 |  15.2 |      22 |       1 |   4.3
       D:11 |    3504 |    5061 |  59.1 |      12 |      12 |  50.0
     Lair:1 |    6882 |    2154 |  23.8 |      33 |       7 |  17.5
     Lair:2 |     808 |    1170 |  59.2 |       7 |       2 |  22.2
      Sewer |       0 |     110 | 100.0 |       0 |      28 | 100.0
    Ossuary |       0 |     148 | 100.0 |       0 |      16 | 100.0
   Gauntlet |       0 |    3673 | 100.0 |       0 |       9 | 100.0
            +---------+---------+-------+---------+---------+-------

Illustrated notes

Table legend:
 A = Kills in this place as a percentage of kills in entire the game.
 B = Kills by you in this place as a percentage of kills by you in the entire game.
 C = Kills by friends in this place as a percentage of kills by friends in the entire game.
 D = Other kills in this place as a percentage of other kills in the entire game.
 E = Experience gained in this place as a percentage of experience gained in the entire game.
 F = Experience gained in this place divided by the number of levels of this place that you have seen.
                   A       B       C       D       E      F
               +-------+-------+-------+-------+-------+----------------------
         Total | 100.0 | 100.0 |   N/A |   N/A | 100.0 | 1981.4
       Dungeon |  71.9 |  71.9 |   N/A |   N/A |  55.6 | 1703.5
          Lair |  13.5 |  13.5 |   N/A |   N/A |  32.7 | 5507.0
         Sewer |   7.7 |   7.7 |   N/A |   N/A |   0.3 | 110.0
       Ossuary |   4.4 |   4.4 |   N/A |   N/A |   0.4 | 148.0
      Gauntlet |   2.5 |   2.5 |   N/A |   N/A |  10.9 | 3673.0
               +-------+-------+-------+-------+-------+----------------------

Table legend: (Time is in decaauts)
 A = Elapsed time spent in this place.
 B = Non-inter-level travel time spent in this place.
 C = Inter-level travel time spent in this place.
 D = Time resting spent in this place.
 E = Time spent auto-exploring this place.
 F = Levels seen in this place.
 G = Mean time per level.
                   A        B        C        D        E       F      G
               +--------+--------+--------+--------+--------+-----+--------+
         Total |  13900 |  13489 |    411 |    718 |   9767 |  17 |  817.6 |
       Dungeon |  11037 |  10641 |    396 |    451 |   8047 |  11 | 1003.4 |
        Temple |     34 |     30 |      4 |      0 |     22 |   1 |   34.0 |
          Lair |   1139 |   1128 |     11 |      4 |    809 |   2 |  569.5 |
         Sewer |    652 |    652 |      0 |    133 |    358 |   1 |  652.0 |
       Ossuary |    372 |    372 |      0 |      8 |    253 |   1 |  372.0 |
      Gauntlet |    664 |    664 |      0 |    122 |    278 |   1 |  664.0 |
               +--------+--------+--------+--------+--------+-----+--------+

Top non-repeatable levels by time:
     D:9: 1586 daAuts
     D:1: 1097 daAuts
     D:4: 1092 daAuts
     D:7: 1086 daAuts
    D:10: 1059 daAuts
     D:8: 1057 daAuts
    D:11: 1021 daAuts
  Lair:1: 976 daAuts
     D:6: 865 daAuts
     D:5: 771 daAuts
     D:3: 751 daAuts
Gauntlet: 664 daAuts
   Sewer: 652 daAuts
     D:2: 646 daAuts
 Ossuary: 372 daAuts
